 Dungeon Crawl Stone Soup version 0.30.0-19-g36f170ea60 (webtiles) character file.

Game seed: 15673594165272529144

9198 AiryTheDragon the Thaumaturge (level 11, -2/82 HPs)
             Began as a Purple Draconian Venom Mage on May 30, 2023.
             Was a High Priest of Wu Jian.
             Slain by a warg (5 damage)
             ... led by an orc high priest
             ... on level 2 of the Orcish Mines on May 31, 2023.
             The game lasted 03:06:03 (10688 turns).

AiryTheDragon the Thaumaturge (DrVM)               Turns: 10688, Time: 03:06:04

Health: -2/82      AC: 13    Str: 12    XL:     11   Next: 19%
Magic:  6/23       EV: 13    Int: 19    God:    Wu Jian [*****.]
Gold:   403        SH:  5    Dex: 11    Spells: 6/26 levels left

rFire   + . .        R - +5 dagger (freeze)
rCold   + . .        (no shield)
rNeg    . . .        (body armour unavailable)
rPois   +            (helmet restricted)
rElec   +            D - +0 cloak {rPois}
rCorr   +            (no gloves)
SInv    .            w - +0 pair of boots
Will    +....        N - amulet of reflection
Stlth   ++           Y - +4 ring of protection
HPRegen 0.33/turn    a - +4 ring of slaying
MPRegen 0.18/turn

%: reflection
@: about to teleport, short of breath, resistant
A: breathe power, AC +7, unfitting armour, cold-blooded
a: Breathe Dispelling Energy, Renounce Religion, Wall Jump, Serpent's Lash,
Heavenly Storm


You were on level 2 of the Orcish Mines.
You worshipped Wu Jian.
Wu Jian was extremely pleased with you.
You visited 3 branches of the dungeon, and saw 12 of its levels.
You also visited: Sewer.

You collected 923 gold pieces.
You spent 520 gold pieces at shops.

Inventory:

Hand Weapons
 g - a +4 flail
 h - a +3 spear
 i - a +0 shortbow of draining
 t - a +4 quarterstaff of chaos
 y - a +0 dagger of venom
 M - a +4 dagger
 P - a +1 short sword of draining
 Q - a +3 dagger
 R - a +5 dagger of freezing (weapon)
 Z - a +5 long sword
Missiles
 c - a curare-tipped dart
 f - 14 boomerangs
 O - 32 poisoned darts
Armour
 w - a +0 pair of boots (worn)
 D - a +0 cloak of poison resistance (worn)
Magical Staves
 v - the staff of air "Zioqasm" {rElec Int+3 Stlth-}
   (You found it on level 3 of the Dungeon)

   [staff of air]

   Base accuracy: +5 Base damage: 5 Base attack delay: 1.2 This weapon's minimum
   attack delay (0.6) is reached at skill level 12.
   Int:       It affects your intelligence (+3).
   rElec:     It insulates you from electricity.
   Stlth:     It makes you less stealthy.
   It falls into the 'Staves' category.
   It is a one-handed weapon.
 K - a staff of death
 U - a staff of poison
Jewellery
 a - a +4 ring of slaying (right hand)
 b - a ring of protection from cold
 z - a ring of resist corrosion
 F - a ring of flight
 N - an amulet of reflection (around neck)
 Y - a +4 ring of protection (left hand)
Wands
 d - a wand of iceblast (6)
 x - a wand of flame (4)
 C - a wand of polymorph (2)
 E - a wand of paralysis (9)
 L - a wand of light (10)
 T - a wand of mindburst (3)
 W - a wand of digging (6)
Scrolls
 e - a scroll of magic mapping {unknown}
 k - 4 scrolls of teleportation
 n - 4 scrolls of fog
 r - 3 scrolls of poison
 u - a scroll of torment {unknown}
 A - a scroll of summoning
 B - 2 scrolls of vulnerability {unknown}
 J - a scroll of fear
Potions
 m - 5 potions of brilliance
 o - a potion of ambrosia {unknown}
 p - 8 potions of flight
 q - a potion of might {unknown}
 H - a potion of resistance
 I - 2 potions of lignification {unknown}
 V - 2 potions of mutation {unknown}


   Skills:
 + Level 3.5 Fighting
 + Level 1.1 Short Blades
 + Level 5.0 Axes
 + Level 4.0 Dodging
 + Level 3.3 Stealth
 + Level 2.2 Shields
 + Level 8.2 Spellcasting
 * Level 2.0 Conjurations
 * Level 3.2 Hexes
 + Level 5.7 Translocations
 * Level 4.1 Transmutations
 + Level 6.1 Air Magic
 * Level 4.9 Earth Magic
 + Level 7.0 Poison Magic
 * Level 3.4 Evocations


You had 6 spell levels left.
You knew the following spells:

 Your Spells              Type           Power      Damage    Failure   Level
a - Sting                 Tmut/Pois      100%       1d8       1%          1
b - Poisonous Vapours     Pois/Air       64%        N/A       1%          2
c - Blink                 Tloc           58%        N/A       1%          2
d - Mephitic Cloud        Conj/Pois/Air  27%        N/A       3%          3
e - Olgreb's Toxic Radia  Pois           34%        N/A       4%          4
f - Stone Arrow           Conj/Erth      42%        3d9       6%          3
g - Yara's Violent Unrav  Hex/Tmut       10%        3d6       50%         5

Your spell library contained the following spells:

 Spells                   Type           Power      Damage    Failure   Level
 Lesser Beckoning         Tloc           58%        N/A       1%          2
 Momentum Strike          Conj/Tloc      44%        3d9       2%          2
 Magic Dart               Conj           60%        1d6       3%          1
 Kiss of Death            Conj/Necr      44%        2d8       6%          1
 Searing Ray              Conj           30%        2d5       6%          2
 Confusing Touch          Hex            20%        N/A       7%          3
 Tukima's Dance           Hex            20%        N/A       7%          3
 Passage of Golubria      Tloc           29%        N/A       9%          4
 Petrify                  Tmut/Erth      25%        N/A       14%         4
 Fulminant Prism          Conj/Hex       8%         3d7       30%         4
 Blade Hands              Tmut           11%        N/A       41%         5
 Irradiate                Conj/Tmut      9%         3d14      56%         5
 Dispel Undead            Necr           7%         3d8       65%         4
 Metabolic Englaciation   Hex/Ice        6%         N/A       78%         5
 Statue Form              Tmut/Erth      16%        N/A       91%         6
 Dragon Form              Tmut           11%        N/A       100%        7
 Lehudib's Crystal Spear  Conj/Erth      10%        10d4      100%        8
 Animate Armour           Summ/Erth      Unusable   N/A       N/A         4

Dungeon Overview and Level Annotations

Branches:
Dungeon (9/15)             Temple (1/1) D:4             Orc (2/2) D:9
  Sewer (visited)
   Lair: D:8-11         Elf: Orc:2

Altars:
Ashenzari
Cheibriados
Dithmenos
Elyvilon
Fedhas
Gozag
Hepliaklqana
Kikubaaqudgha
Makhleb
Nemelex Xobeh
Okawaru
Qazlal
Ru
Sif Muna
Trog
Uskayaw
Vehumet
Wu Jian
Xom
Yredelemnul
Zin
The Shining One

Shops:
D:8 :

Annotations:
D:8 1 runed translucent door
Orc:1 Nergalle


Innate Abilities, Weirdness & Mutations

You can breathe bolts of dispelling energy.
Your rich purple scales are hard. (AC +7)
You cannot fit into any form of body armour.
You are cold-blooded and may be slowed by cold attacks.


Message History

Something bites your orc!
Your orc dies!
Your orc's corpse dissolves into shadows!
Casting: Poisonous Vapours (safe; 1% risk of failure)
Confirm with . or Enter, or press ? or * to list all spells.
Aiming: Mephitic Cloud (mildly dangerous; 3% risk of failure)
Press: ? - help, Shift-Dir - straight line, f - orc
Aim: an orc, wielding a +0 dagger, wearing a +0 leather armour and quivering boomerangs (chance to affect: 96%) Really fire at your orc warrior?
The ball explodes into a vile cloud!
The stinking cloud engulfs the orc but does no damage.
The stinking cloud engulfs your orc warrior but does no damage.
You hear a howl!
You hear a shout!
Your orc warrior is engulfed in noxious fumes.
Your orc warrior appears confused.
The orc is engulfed in noxious fumes.
The orc appears confused.
The orc hits something with a +0 dagger.
Aiming: Breathe Dispelling Energy (3% risk of failure)
Press: ? - help, Shift-Dir - straight line, f/p - orc
Aim: an orc, wielding a +0 dagger, wearing a +0 leather armour and quivering boomerangs (noxious fumes, confused, 84% to hit)
You breathe a bolt of dispelling energy.
The bolt of dispelling energy hits the orc high priest!
The orc high priest is heavily wounded.
The orc high priest's magical effects unravel!
The bolt of dispelling energy hits the orc.
The orc is severely wounded.
The orc's magical effects unravel!
The orc is engulfed in noxious fumes.
The orc appears confused.
The orc high priest is engulfed in noxious fumes.
The orc high priest appears confused.
Okay, then.
There is nothing to wall jump against here.
Aiming: Paralyse
Press: ? - help, Shift-Dir - straight line, f/p - orc
Aim: an orc, wielding a +0 dagger, wearing a +0 leather armour and quivering boomerangs (noxious fumes, severely wounded, confused, ally target, chance to affect: 74%)
The warg resists with some effort.
Your orc warrior is engulfed in noxious fumes.
Your orc warrior appears confused.
Your orc warrior barely misses the orc.
The warg bites you.
You die...

### #.# #.## #.@#
####h##### .
###.#oo.##.## ..
#....oo.o...#
...####...☼#.oo...#
.....#.....#.......#
#.......####.......#
##.....#######..$...#
#..........###.o....##


You could see an orc high priest (confused, very poisoned), a warg, an orc
warrior, an orc (confused, ally target) and a friendly orc warrior (summoned,
confused).

Vanquished Creatures
  Pikel (D:8)
  A komodo dragon (D:8)
  A hornet (D:8)
  19 yaks
  A wyvern (D:8)
  A swamp drake (D:9)
  A water moccasin (D:6)
  2 ice beasts
  9 orc warriors
  2 sky beasts
  6 ogres
  A centaur (D:8)
  2 lemures (D:8)
  2 phantoms
  4 kobold brigands
  A bullfrog (D:7)
  9 scorpions
  14 wights
  2 killer bees (D:8)
  3 howler monkeys
  A hound (D:3)
  Crazy Yiuf (D:7)
  2 gnoll boudas
  A jelly (D:6)
  8 orc priests
  5 iguanas
  2 sleepcaps
  13 orc wizards
  A sickly merfolk siren (Sewer)
  A malarious merfolk avatar (Sewer)
  13 gnolls
  9 adders
  2 river rats (Sewer)
  A shadow imp (D:6)
  4 worms
  3 dart slugs
  38 orcs
  13 ball pythons
  4 endoplasms
  5 giant cockroaches
  7 goblins
  13 hobgoblins
  5 jackals
  3 quokkas
  2 bats
  4 frilled lizards (Sewer)
  23 kobolds
  35 rats
  A butterfly (D:8)
302 creatures vanquished.

Vanquished Creatures (collateral kills)
  A warg (Orc:2)
  2 orcs (Orc:2)
3 creatures vanquished.

Grand Total: 305 creatures vanquished

Notes
Turn   | Place    | Note
-------+----------+-------------------------------------------
     0 | D:1      | AiryTheDragon the Draconian Venom Mage began the quest for
                  | the Orb.
     0 | D:1      | Reached XP level 1. HP: 14/14 MP: 3/3
   197 | D:1      | Reached XP level 2. HP: 11/20 MP: 1/5
   275 | D:1      | Learned a level 2 spell: Poisonous Vapours
   278 | D:1      | Learned a level 2 spell: Blink
   852 | D:1      | Found a faded altar of an unknown god.
   865 | D:1      | Reached XP level 3. HP: 26/26 MP: 1/6
   883 | D:1      | Prayed at the altar of an unknown god.
   883 | D:1      | Became a worshipper of the Wu Jian Council
   883 | D:1      | Reached * piety under Wu Jian
  1912 | D:3      | Reached XP level 4. HP: 7/33 MP: 0/7
  1925 | D:3      | Reached skill level 1 in Translocations
  1972 | D:3      | Reached skill level 1 in Air Magic
  1993 | D:3      | Reached ** piety under Wu Jian
  2097 | D:3      | Found a glowing drain.
  2097 | D:3      | Identified the staff of air "Zioqasm" {rElec Int+3 Stlth-}
  2119 | Sewer    | Entered a sewer
  2343 | Sewer    | Reached XP level 5. HP: 35/38 MP: 0/9
  2464 | Sewer    | Reached skill level 1 in Axes
  2483 | Sewer    | Reached *** piety under Wu Jian
  3029 | D:4      | Reached XP level 6. HP: 46/46 MP: 7/10
  3047 | D:4      | Learned a level 3 spell: Mephitic Cloud
  3152 | D:4      | Found a broken altar of Ashenzari.
  3173 | D:4      | Reached skill level 3 in Spellcasting
  3322 | D:4      | Found a staircase to the Ecumenical Temple.
  3353 | Temple   | Entered the Ecumenical Temple
  3723 | D:4      | Reached skill level 1 in Fighting
  3723 | D:4      | Your scales start taking on a rich purple colour.
  3723 | D:4      | Reached XP level 7. HP: 46/52 MP: 2/12
  3732 | D:4      | Identified the +2 robe of the Disbelieving Gods {Dex+4}
  4154 | D:5      | Entered Level 5 of the Dungeon
  4246 | D:5      | Reached skill level 4 in Spellcasting
  4409 | D:5      | Found a glowing silver altar of Zin.
  4465 | D:5      | Reached **** piety under Wu Jian
  4573 | D:5      | Learned a level 4 spell: Olgreb's Toxic Radiance
  4577 | D:5      | Found a blossoming altar of Fedhas.
  4666 | D:5      | Found a glowing golden altar of the Shining One.
  5183 | D:6      | Reached skill level 1 in Conjurations
  5183 | D:6      | Reached XP level 8. HP: 56/61 MP: 14/14
  5267 | D:6      | Learned a level 3 spell: Stone Arrow
  5456 | D:6      | Found an ancient bone altar of Kikubaaqudgha.
  5944 | D:7      | Reached skill level 5 in Poison Magic
  6177 | D:7      | Reached skill level 1 in Earth Magic
  6206 | D:8      | Noticed a komodo dragon
  6213 | D:8      | Found a stormy altar of Qazlal.
  6299 | D:8      | Reached skill level 5 in Spellcasting
  6402 | D:8      | Reached XP level 9. HP: 68/68 MP: 1/16
  6577 | D:8      | Found a runed translucent door.
  6587 | D:8      | Found Ohuwayd's Book Emporium.
  6668 | D:8      | Noticed Pikel
  6684 | D:8      | Killed a komodo dragon
  6689 | D:8      | Killed Pikel
  6690 | D:8      | Reached skill level 5 in Translocations
  6707 | D:8      | Found a shimmering blue altar of Sif Muna.
  6709 | D:8      | Found an opulent altar of Gozag.
  6711 | D:8      | Found a shimmering altar of Xom.
  6772 | D:8      | Reached skill level 6 in Spellcasting
  6774 | D:8      | Reached skill level 5 in Air Magic
  6780 | D:8      | Reached skill level 5 in Axes
  6780 | D:8      | Reached skill level 1 in Shields
  6781 | D:8      | Reached XP level 10. HP: 45/77 MP: 11/19
  6947 | D:8      | Reached skill level 7 in Spellcasting
  7647 | D:8      | Found a runed translucent door.
  7655 | D:8      | Learned a level 5 spell: Yara's Violent Unravelling
  7813 | D:8      | Reached ***** piety under Wu Jian
  7814 | D:8      | Reached skill level 1 in Hexes
  8153 | D:7      | Reached skill level 1 in Evocations
  8860 | D:7      | Found a runed translucent door.
  8861 | D:7      | Noticed Crazy Yiuf
  8962 | D:7      | Found a snail-covered altar of Cheibriados.
  9225 | D:7      | Killed Crazy Yiuf
  9348 | D:8      | Bought a book of Transfigurations for 520 gold pieces
  9501 | D:9      | Reached skill level 1 in Short Blades
  9521 | D:9      | Found a staircase to the Orcish Mines.
  9825 | D:9      | Reached XP level 11. HP: 71/82 MP: 6/22
  9826 | D:9      | Reached skill level 8 in Spellcasting
 10159 | Orc:1    | Entered Level 1 of the Orcish Mines
 10516 | Orc:1    | Noticed Nergalle
 10517 | Orc:1    | Noticed an orc high priest
 10521 | Orc:1    | Noticed a sun demon
 10526 | Orc:1    | HP: 3/82 [sun demon[an orc high priest] (12)]
 10546 | Orc:2    | Entered Level 2 of the Orcish Mines
 10586 | Orc:2    | Noticed an orc high priest
 10590 | Orc:2    | Noticed a sixfirhy
 10683 | Orc:2    | HP: 2/82 [orc priest/divine providence (13)]
 10688 | Orc:2    | Slain by a warg

Illustrated notes

Levels and vault maps discovered:
D:1:      dpeg_arrival_rooms_a, layout_basic,
          shapermc_ecumenical_altar_mp_highgroup, minmay_misc_feat_pillars
D:2:      layout_rooms, roderic_serpentine_path, chequers_arboretum,
          kennysheep_big_empty_room, small_statue_intersection
D:3:      layout_rooms, cheibrodos_sewer_entry_bend, chequers_decorated_corner
D:4:      layout_basic, ashenzari_conservatory_becter,
          minmay_temple_entry_statues_fountains
D:5:      layout_cave_pools, general_overflow_altar, zin_treasury,
          fedhas_altar_fruit_tree
D:6:      layout_cave_pools, mainiacjoe_overflow_small_starburst
D:7:      layout_loops_cross, cheibriados_altar_1, uniq_crazy_yiuf_cottage
D:8:      lemuel_insect_pit, layout_basic,
          chequers_temple_overflow_statue_of_worship, old_standard_altar,
          serial_shops, nicolae_diamond_shop, uniq_pikel
D:9:      layout_long_grid, erik_orc_1
Temple:   nicolae_temple_slightly_damp_pantheon
Orc:1:    lemuel_ogre_cave, layout_caves, basic_altar, bh_open_orc_temple,
          uniq_josephine, uniq_nergalle
Orc:2:    st_orc_pillars, layout_diamond_mine, uniq_urug, uniq_erolcha

Skill      XL: |  1  2  3  4  5  6  7  8  9 10 11 |
---------------+----------------------------------+-----
Stealth        | 2 3 |  3.3
Dodging        | 2 3 4 |  4.0
Translocations | 1 2 3 4 5 |  5.7
Air Magic      | 1 2 3 4 5 6 |  6.1
Poison Magic   | 4 5 6 7 |  7.0
Axes           | 1 2 3 4 5 |  5.0
Spellcasting   | 3 4 5 6 7 8 |  8.2
Transmutations | 2 3 4 |  4.1
Fighting       | 1 2 3 |  3.5
Conjurations   | 1 2 |  2.0
Earth Magic    | 1 3 4 |  4.9
Shields        | 1 2 |  2.2
Hexes          | 2 3 |  3.2
Evocations     | 3 |  3.4
Short Blades   | 1 |  1.1

Action                     |  1- 3 |  4- 6 |  7- 9 | 10-12 || total
---------------------------+-------+-------+-------+-------++-------
  Melee: Dagger            |    52 |       |       |   140 ||   192
         Unarmed           |     1 |       |       |       ||     1
         Tailslap          |     4 |    16 |    49 |    29 ||    98
         Hand axe          |    17 |   164 |   220 |    16 ||   417
         Punch             |       |     1 |     4 |     3 ||     8
         Long sword        |       |       |       |    14 ||    14
         Staff             |       |       |       |     6 ||     6
  Throw: Dart              |     2 |     2 |       |     3 ||     7
         Boomerang         |       |       |       |     1 ||     1
   Cast: Sting             |    46 |    48 |    45 |    60 ||   199
         Poisonous Vapours |     6 |     9 |    16 |     9 ||    40
         Mephitic Cloud    |       |     3 |    13 |     6 ||    22
         Blink             |       |       |     3 |     4 ||     7
         Olgreb's Toxic Ra |       |       |     8 |    33 ||    41
         Stone Arrow       |       |       |     1 |     4 ||     5
 Invoke: Serpent's Lash    |       |       |       |     2 ||     2
Ability: Lunge             |     5 |    16 |    20 |    13 ||    54
         Whirlwind         |       |     4 |     1 |    10 ||    15
         Wall Jump         |       |     1 |     1 |     1 ||     3
         Breathe Dispellin |       |       |    11 |    21 ||    32
  Evoke: Wand              |       |       |       |    13 ||    13
    Use: Potion            |       |     3 |     1 |     4 ||     8
         Scroll            |       |     3 |     2 |    15 ||    20
   Stab: Sleeping          |     7 |     5 |     3 |     2 ||    17
         Confused          |       |     2 |       |       ||     2
 Armour: Skin              |    28 |    50 |    60 |    42 ||   180
  Dodge: Dodged            |    59 |   112 |   111 |    96 ||   378
  Block: Other             |       |       |    15 |    40 ||    55
